 Dungeon Crawl Stone Soup version 0.20.0-8-g6b59dc7 (webtiles) character file.

1456 grindst0ne the Protected (level 8, 0/49 HPs)
             Began as a Gargoyle Fighter on May 31, 2017.
             Slain by a hornet zombie (6 damage)
             ... on level 7 of the Dungeon.
             The game lasted 00:14:56 (5664 turns).

grindst0ne the Protected (Gargoyle Fighter)         Turns: 5664, Time: 00:14:57

Health: 0/49       AC: 19    Str: 18 (19) XL:     8   Next: 76%
Magic:  8/8        EV:  5    Int:  9 (10) God:
Gold:   330        SH:  9    Dex: 10 (11) Spells: 7/7 levels left

rFire    . . .     SeeInvis .   a - +0 war axe
rCold    . . .     Gourm    .   c - +0 shield
rNeg     + . .     Faith    .   t - +0 chain mail
rPois    ∞         Spirit   .   (no helmet)
rElec    +         Reflect  .   (no cloak)
rCorr    .         Harm     .   d - +1 pair of gloves
MR       .....                  (no boots)
Stlth    ..........             (no amulet)
Regen    0.2/turn               (no ring)
MPRegen  0.2/turn               (no ring)

@: no status effects
A: negative energy resistance 1, electricity resistance, unbreathing,
petrification resistance, rot immunity, AC +5
a: no special abilities


You were on level 7 of the Dungeon.
You were not hungry.

You visited 1 branch of the dungeon, and saw 6 of its levels.

You collected 330 gold pieces.

Inventory:

Hand Weapons
 a - a +0 war axe (weapon)
 D - a +0 blowgun
Missiles
 y - 2 throwing nets (quivered)
 E - 9 poisoned needles
Armour
 b - a +0 scale mail
 c - a +0 shield (worn)
 d - a +1 pair of gloves (worn)
 t - a +0 chain mail (worn)
 B - a +1 scale mail of positive energy
Jewellery
 e - an uncursed ring of see invisible {unknown}
Wands
 J - a wand of random effects (13/48)
Scrolls
 m - 3 scrolls of teleportation
 q - 3 scrolls of fog
 F - 2 scrolls of random uselessness {unknown}
 G - 2 scrolls of identify {unknown}
 H - a scroll of recharging {unknown}
Potions
 g - a potion of degeneration
 i - a potion of lignification
 l - 4 potions of haste {unknown}
 o - a potion of resistance {unknown}
 p - 2 potions of curing {unknown}
 r - 2 potions of brilliance {unknown}
 u - a potion of mutation {unknown}
 v - a potion of berserk rage {unknown}
 C - 2 potions of flight {unknown}
 I - a potion of magic {unknown}
Books
 x - a book of Callings

   Spells                             Type                      Level
   a - Summon Small Mammal            Summoning                    1
   b - Call Imp                       Summoning                    2
   c - Call Canine Familiar           Summoning                    3
   d - Summon Guardian Golem          Hexes/Summoning              3
   e - Summon Lightning Spire         Summoning/Air                4
   f - Summon Ice Beast               Ice/Summoning                4
Comestibles
 f - 3 bread rations
 h - 2 meat rations
 z - 3 fruits


   Skills:
 - Level 5.2 Fighting
 - Level 1.7 Axes
 + Level 11.1 Armour
 - Level 3.2 Shields


You had 7 spell levels left.
You didn't know any spells.

Dungeon Overview and Level Annotations

Branches:
Dungeon (5/15)             Temple (0/1) D:7

Altars:
Gozag
Makhleb
Ru
Sif Muna
Trog
Xom

Shops:
D:3 *   D:7 =


Innate Abilities, Weirdness & Mutations

You are resistant to torment.
Your stone body is resilient. (AC +5)
You are immune to poison.
You resist negative energy. (rN+)
You are resistant to electric shocks. (rElec)
You can survive without breathing.
You are immune to petrification.
You are immune to rotting.


Message History

You hit the hornet zombie but do no damage.
The hornet zombie is almost destroyed.
The hornet zombie hits you.
You barely miss the hornet zombie.
The hornet zombie is almost destroyed.
The hornet zombie hits you! You block the hornet zombie's attack.
You slash the hornet zombie!
The hornet zombie is almost destroyed.
The hornet zombie barely misses you. The hornet zombie closely misses you.
You barely miss the hornet zombie.
The hornet zombie is almost destroyed.
The hornet zombie hits you!
* * * LOW HITPOINT WARNING * * *
The hornet zombie hits you but does no damage.
The hornet zombie hits you.
* * * LOW HITPOINT WARNING * * *
You completely miss the hornet zombie.
The hornet zombie is almost destroyed.
The hornet zombie hits you.
You die...

,8,*,*
*,,,,,**,,,*#.####'
**,,,*
#.....#*,,,*#..#...
*****
#.....##,,,###.#...
#......#**.*#......
#......#*.#*###.##.
#.....#*#.#***#..#.
#.....##.##*,*##.#.
#.......÷.#*** #...
#.@......#* ##..
#.Z......########..
#.......+..........
#.......########...
***#.........,,,,##...
*,...............#....
*.#..#...........#....
*,#..##..........#....
*,*,,*,,#........#...>


You could see a hornet zombie.

Vanquished Creatures
  Sigmund (D:5)
  Menkaure (D:7)
  A black bear (D:7)
  Duvessa (D:7)
  2 ogres
  A bullfrog (D:7)
  Dowan (D:7)
  A water moccasin skeleton (D:4)
  A scorpion (D:4)
  A crimson imp (D:5)
  3 hounds
  5 orc wizards
  A centaur skeleton (D:7)
  Terence (D:3)
  An iguana (D:5)
  2 hound skeletons
  A worker ant zombie (D:5)
  8 adders
  3 oozes
  An adder zombie (D:7)
  3 worms
  3 dart slugs (D:2)
  7 leopard geckos
  20 orcs
  4 ball pythons
  5 giant cockroaches
  11 goblins
  13 hobgoblins
  6 kobolds
  3 quokkas
  7 bats
  8 frilled lizards
  A jackal zombie (D:5)
  6 rats
134 creatures vanquished.

Notes
Turn   | Place    | Note
-------+----------+-------------------------------------------
     0 | D:1      | grindst0ne the Gargoyle Fighter began the quest for the Orb.
     0 | D:1      | Reached XP level 1. HP: 14/14 MP: 1/1
   181 | D:1      | Reached XP level 2. HP: 20/20 MP: 2/2
   911 | D:2      | Reached XP level 3. HP: 13/24 MP: 3/3
  1246 | D:2      | Reached skill level 5 in Fighting
  1288 | D:2      | Reached XP level 4. HP: 28/31 MP: 4/4
  1301 | D:2      | Found a burning altar of Makhleb.
  1886 | D:2      | Reached skill level 4 in Armour
  2432 | D:3      | Noticed Terence
  2438 | D:3      | Reached XP level 5. HP: 32/35 MP: 5/5
  2454 | D:3      | Killed Terence
  2597 | D:3      | Found an opulent altar of Gozag.
  2597 | D:3      | Found Gozag's Platinum Reserve.
  2780 | D:3      | Reached skill level 5 in Armour
  2892 | D:3      | Found a shimmering altar of Xom.
  3171 | D:3      | Reached skill level 6 in Armour
  3171 | D:3      | Reached XP level 6. HP: 24/40 MP: 6/6
  3361 | D:4      | Found a sacrificial altar of Ru.
  3596 | D:4      | Reached skill level 7 in Armour
  3618 | D:4      | Found a deep blue altar of Sif Muna.
  3662 | D:4      | Reached XP level 7. HP: 44/44 MP: 7/7
  3938 | D:5      | Entered Level 5 of the Dungeon
  4213 | D:5      | Reached skill level 8 in Armour
  4462 | D:5      | Noticed Sigmund
  4550 | D:5      | Killed Sigmund
  4550 | D:5      | Reached skill level 9 in Armour
  4572 | D:5      | You fall through a shaft for 2 floors!
  4572 | D:7      | Noticed Duvessa
  4572 | D:7      | Noticed Dowan
  4587 | D:7      | Killed Dowan
  4587 | D:7      | Reached XP level 8. HP: 49/49 MP: 8/8
  4592 | D:7      | Killed Duvessa
  4651 | D:7      | Noticed Menkaure
  4678 | D:7      | Killed Menkaure
  4678 | D:7      | Reached skill level 10 in Armour
  5359 | D:7      | Found Liereof's Jewellery Emporium.
  5362 | D:7      | Found a bloodstained altar of Trog.
  5416 | D:7      | Reached skill level 11 in Armour
  5664 | D:7      | Slain by a hornet zombie

Skill      XL: |  1  2  3  4  5  6  7  8 |
---------------+-------------------------+-----
Fighting       | 4 5 |  5.2
Armour         | 4 6 7 9 11 | 11.1
Axes           | |  1.7
Shields        | |  3.2

Action                   |  1- 3 |  4- 6 |  7- 9 || total
-------------------------+-------+-------+-------++-------
Melee: War axe           |    82 |   285 |   230 ||   597
Evoke: Wand              |       |       |     3 ||     3
  Use: Potion            |       |       |     4 ||     4
       Scroll            |       |       |     8 ||     8
 Stab: Paralysed         |       |     2 |       ||     2
       Invisible         |       |     1 |       ||     1
  Eat: Chunk             |     1 |     9 |     2 ||    12
       Bread ration      |       |       |     1 ||     1
Armor: Scale mail        |    47 |   187 |    97 ||   331
       Chain mail        |       |       |    70 ||    70
       Skin              |       |       |    31 ||    31
Dodge: Dodged            |    28 |    91 |    72 ||   191
Block: Shield            |    50 |   187 |   118 ||   355
